 Dungeon Crawl Stone Soup version 0.24.0-123-gd5b16e6ec5 (webtiles) character file.

Game seed: 15973213374791838105, levelgen mode: deterministic

3159 darumender the Basher (level 9, -7/63 HPs)
             Began as a Demonspawn Berserker on Jan 10, 2020.
             Was an Elder of Trog.
             Mangled by a cyan ugly thing (16 damage)
             ... on level 7 of the Dungeon.
             The game lasted 00:18:52 (5682 turns).

darumender the Basher (Demonspawn Berserker)        Turns: 5682, Time: 00:18:53

Health: -7/63      AC:  6    Str: 20    XL:     9   Next: 62%
Magic:  0/9        EV:  9    Int: 10    God:    Trog [****..]
Gold:   224        SH:  9    Dex: 14    Spells: 8/8 levels left

rFire    + . .     SeeInvis .   x - +2 whip (freeze)
rCold    . . .     Gourm    .   k - +0 shield
rNeg     . . .     Faith    .   m - +0 ring mail {rF+}
rPois    .         Spirit   +   (helmet unavailable)
rElec    .         Reflect  .   (no cloak)
rCorr    .         Harm     .   (no gloves)
MR       .....                  (no boots)
Stlth    +.........             s - amulet of regeneration
HPRegen  0.60/turn              g - ring of flight
MPRegen  0.11/turn              (no ring)

@: no status effects
A: horns 3, thin skeletal structure 1, spiny 2, magic shield
a: Berserk, Trog's Hand, Brothers in Arms, Renounce Religion, Evoke Flight


You were on level 7 of the Dungeon.
You worshipped Trog.
Trog was greatly pleased with you.
You were not hungry.

You visited 1 branch of the dungeon, and saw 7 of its levels.

You collected 224 gold pieces.

Inventory:

Hand Weapons
 v - a +4 halberd
 x - a +2 whip of freezing (weapon)
Missiles
 q - 6 silver boomerangs (quivered)
Armour
 k - a +0 shield (worn)
 m - a +0 ring mail of fire resistance (worn)
 w - a scarf of cloud immunity
Jewellery
 g - a ring of flight (left hand)
 j - a cursed ring of teleportation {unknown}
 s - an amulet of regeneration (around neck)
Wands
 y - a wand of iceblast (5)
Scrolls
 a - 5 scrolls of identify
 b - a scroll of remove curse {unknown}
 e - a scroll of fear {unknown}
 h - a scroll of enchant weapon {unknown}
 l - 3 scrolls of amnesia
 n - a scroll of magic mapping {unknown}
 r - a scroll of teleportation {unknown}
Potions
 d - 5 potions of heal wounds
 f - 6 potions of lignification
 i - 2 potions of might
 o - 5 potions of curing
 p - a potion of haste {unknown}
 t - a potion of invisibility {unknown}
 u - a potion of agility {unknown}
Comestibles
 c - 6 rations


   Skills:
 - Level 3.0 Fighting
 * Level 10.0 Maces & Flails
 * Level 3.4 Throwing
 * Level 6.4 Armour
 - Level 1.7 Dodging
 * Level 2.7 Shields


You had 8 spell levels left.
You didn't know any spells.
Your spell library was empty.

Dungeon Overview and Level Annotations

Branches:
Dungeon (7/15)             Temple (0/1) D:6

Altars:
Ashenzari
Elyvilon
Kikubaaqudgha
Makhleb
Ru
Trog
Vehumet

Shops:
D:7 }

Annotations:
D:6 2 transporters, bl4d3's ghost, novice TrMo


Innate Abilities, Weirdness & Mutations

You have a pair of large horns on your head.
You have a somewhat thin skeletal structure. (Dex +2, Stealth)
You are mostly covered in sharp spines.
When hurt, damage is shared between your health and your magic reserves.


Message History

You completely miss the cyan ugly thing.
You headbutt the cyan ugly thing, but do no damage.
The cyan ugly thing is lightly wounded.
You hit the cyan ugly thing. You freeze the cyan ugly thing.
The cyan ugly thing is moderately wounded.
The cyan ugly thing tentacle-slaps you! The cyan ugly thing shocks you!
Your shield and ring mail prevent you from hitting the cyan ugly thing.
Your headbutt misses the cyan ugly thing.
The cyan ugly thing is lightly wounded.
The cyan ugly thing tentacle-slaps you! The cyan ugly thing shocks you!
You are too injured to fight recklessly!
You are too injured to fight recklessly!
You barely miss the cyan ugly thing.
The cyan ugly thing is lightly wounded.
You barely miss the cyan ugly thing.
The cyan ugly thing is lightly wounded.
The cyan ugly thing tentacle-slaps you!
* * * LOW HITPOINT WARNING * * *
The cyan ugly thing shocks you!
You die...

........# ####
................## #
................# # ##
...............# # #..
#..............# #
#..##../...........#
#..................#####
#.....u.............##.
###.....@................
#........#......####..###
##.............####..###
###...................##
#.........†........#....
##..............#†......
##.........#.####...#..
##.........## #..##..
###........# #.<....


You could see a cyan ugly thing.

Vanquished Creatures
  Pikel (D:7)
  Sigmund (D:5)
  Duvessa (D:6)
  A slave (D:7)
  2 orc warriors
  2 sky beasts
  A phantom (D:7)
  3 ogres
  An eye of draining (D:5)
  A centaur (D:6)
  A necrophage (D:7)
  4 bullfrogs
  Dowan (D:6)
  7 wights (D:6)
  2 howler monkeys (D:5)
  4 crimson imps
  4 hounds
  2 jellies
  4 orc wizards
  2 iguanas
  7 worker ants
  2 hound zombies
  A worker ant zombie (D:7)
  10 adders
  2 shadow imps
  An adder zombie (D:5)
  2 adder skeletons (D:5)
  3 worms
  A dart slug (D:1)
  2 leopard geckos
  9 orcs
  A ball python (D:2)
  5 bat zombies (D:3)
  3 giant cockroaches
  4 goblins
  9 hobgoblins
  5 jackals (D:1)
  A quokka (D:3)
  11 bats
  6 frilled lizards
  A giant cockroach zombie (D:6)
  9 kobolds
  7 rats (D:1)
  A rat zombie (D:3)
148 creatures vanquished.

Vanquished Creatures (others)
  A slave (D:7)
  2 orcs (D:7)
3 creatures vanquished.

Grand Total: 151 creatures vanquished

Notes
Turn   | Place    | Note
-------+----------+-------------------------------------------
     0 | D:1      | darumender the Demonspawn Berserker began the quest for the
                  | Orb.
     0 | D:1      | Reached XP level 1. HP: 18/18 MP: 1/1
    97 | D:1      | Reached skill level 3 in Maces & Flails
   263 | D:1      | Gained mutation: You are partially covered in sharp spines.
                  | [demonic ancestry]
   263 | D:1      | Reached XP level 2. HP: 24/24 MP: 2/2
   730 | D:1      | Reached ** piety under Trog
   730 | D:1      | Gained mutation: You have a somewhat thin skeletal
                  | structure. (Dex +2, Stealth) [demonic ancestry]
   730 | D:1      | Reached XP level 3. HP: 28/29 MP: 3/3
  1214 | D:2      | Reached skill level 4 in Maces & Flails
  1215 | D:2      | Gained mutation: You have a pair of small horns on your
                  | head. [demonic ancestry]
  1215 | D:2      | Reached XP level 4. HP: 27/35 MP: 4/4
  1332 | D:2      | Found a sacrificial altar of Ru.
  1869 | D:2      | Reached skill level 5 in Maces & Flails
  2268 | D:3      | Gained mutation: You are mostly covered in sharp spines.
                  | [demonic ancestry]
  2268 | D:3      | Reached XP level 5. HP: 32/41 MP: 5/5
  2299 | D:3      | Found a burning altar of Makhleb.
  2599 | D:3      | Reached *** piety under Trog
  2603 | D:3      | Found an ancient bone altar of Kikubaaqudgha.
  2877 | D:4      | Noticed an ogre
  3029 | D:4      | Noticed an ogre
  3037 | D:4      | Killed an ogre
  3037 | D:4      | Reached skill level 6 in Maces & Flails
  3037 | D:4      | Gained mutation: When hurt, damage is shared between your
                  | health and your magic reserves. [demonic ancestry]
  3037 | D:4      | Reached XP level 6. HP: 30/47 MP: 6/6
  3116 | D:5      | Entered Level 5 of the Dungeon
  3378 | D:5      | HP: 2/47 [something (3)]
  3736 | D:5      | Reached skill level 7 in Maces & Flails
  3772 | D:5      | Gained mutation: You have a pair of horns on your head.
                  | [demonic ancestry]
  3772 | D:5      | Reached XP level 7. HP: 49/52 MP: 4/7
  3828 | D:5      | Noticed Sigmund
  3838 | D:5      | Killed Sigmund
  3880 | D:5      | Reached skill level 8 in Maces & Flails
  3919 | D:5      | Gained mutation: You have a pair of large horns on your
                  | head. [demonic ancestry]
  3919 | D:5      | Reached XP level 8. HP: 28/58 MP: 1/8
  4265 | D:5      | Found a bloodstained altar of Trog.
  4266 | D:5      | Found a radiant altar of Vehumet.
  4266 | D:5      | Found a white marble altar of Elyvilon.
  4582 | D:6      | Reached skill level 9 in Maces & Flails
  4583 | D:6      | Noticed Duvessa
  4583 | D:6      | Noticed Dowan
  4594 | D:6      | Killed Duvessa
  4598 | D:6      | Killed Dowan
  4645 | D:6      | Reached skill level 1 in Shields
  4776 | D:6      | Reached skill level 1 in Throwing
  4842 | D:6      | Reached **** piety under Trog
  4857 | D:6      | Reached skill level 5 in Armour
  4896 | D:6      | Found a staircase to the Ecumenical Temple.
  4924 | D:6      | Reached XP level 9. HP: 63/63 MP: 9/9
  5103 | D:6      | Noticed a queen bee
  5121 | D:6      | Found a transporter.
  5125 | D:6      | Found a transporter.
  5136 | D:6      | Noticed bl4d3's ghost (novice TrMo)
  5261 | D:7      | Found a shattered altar of Ashenzari.
  5292 | D:7      | Noticed Pikel
  5307 | D:7      | Killed Pikel
  5389 | D:7      | Found Ozyhocos's Gadget Emporium.
  5470 | D:7      | Reached skill level 10 in Maces & Flails
  5673 | D:7      | Noticed a cyan ugly thing
  5682 | D:7      | Mangled by a cyan ugly thing

Levels and vault maps discovered:
D:1:      dpeg_arrival_triangle_fractal, layout_basic
D:2:      layout_loops_ring, nicolae_ru_great_annihilating_truth
D:3:      layout_rooms, lemuel_zombie_altar_kikubaaqudgha, lemuel_round_altar,
          first_ration
D:4:      layout_cave_pools, hex_medium
D:5:      layout_basic, gammafunk_temple_overflow_claw, minivault_5,
          uniq_sigmund
D:6:      layout_basic, minmay_temple_entry_junction, gammafunk_ghost_hive,
          uniq_duvessa
D:7:      layout_cave_pools, yredelemnul_forgotten_temple_becter,
          kennysheep_mini_moat, serial_shops, shop, grunt_decor_cap, uniq_pikel

Skill      XL: |  1  2  3  4  5  6  7  8  9 |
---------------+----------------------------+-----
Maces & Flails | 3 4 5 6 7 8 9 10 | 10.0
Armour         | 2 3 5 6 |  6.4
Shields        | 1 2 |  2.7
Throwing       | 1 3 |  3.4
Fighting       | |  3.0
Dodging        | |  1.7

Action                   |  1- 3 |  4- 6 |  7- 9 || total
-------------------------+-------+-------+-------++-------
Melee: Mace              |    66 |     8 |       ||    74
       Whip              |       |   133 |   233 ||   366
       Headbutt          |       |    23 |    55 ||    78
Throw: Boomerang         |       |       |    35 ||    35
Invok: Berserk           |       |     2 |     3 ||     5
       Trog's Hand       |       |     1 |     3 ||     4
  Use: Scroll            |       |     7 |       ||     7
 Stab: Sleeping          |     1 |       |     1 ||     2
       Paralysed         |       |     2 |       ||     2
  Eat: Chunk             |       |     4 |     5 ||     9
       Ration            |       |     2 |     2 ||     4
Armor: Animal skin       |    20 |     8 |       ||    28
       Ring mail         |       |    11 |    32 ||    43
Dodge: Dodged            |    46 |    58 |    41 ||   145
Block: Shield            |       |       |    44 ||    44
